 Dungeon Crawl Stone Soup version 0.20-a0-513-g02c11fc (webtiles) character file.

4385 nubinia the Sneak (level 10, -10/60 HPs)
             Began as an Octopode Conjurer on Jan 22, 2017.
             Was a Believer of Ashenzari.
             Mangled by a two-headed ogre
             ... wielding a +0 giant club
              (27 damage)
             ... on level 9 of the Dungeon.
             The game lasted 00:51:56 (9114 turns).

nubinia the Sneak (Octopode Conjurer)               Turns: 9114, Time: 00:51:56

Health: -10/60     AC:  1    Str:  9    XL:     10   Next: 35%
Magic:  17/19      EV: 11    Int: 20    God:    Ashenzari [**....]
Gold:   504        SH: 14    Dex: 17    Spells: 7/21 levels left

rFire    + . .     SeeInvis +   m - +3 dagger (venom) (curse)
rCold    + . .     Gourm    .   F - +0 large shield (curse)
rNeg     + + .     Faith    .   (helmet restricted)
rPois    .         Spirit   .   K - amulet "Hirhyif" {rN++ Regen+ Dex+5 Slay+2}
rElec    +         Reflect  .   o - ring of protection from fire
rCorr    .         Harm     .   A - +2 ring of intelligence
MR       .....                  M - ring of see invisible
Stlth    +++++.....             (no ring)
Regen    0.6/turn               (no ring)
                                (no ring)
                                (no ring)
                                (no ring)

@: no status effects
A: almost no armour, stealthy swim, amphibious, 8 rings, constrict 8, tentacle
spike 1, camouflage 1, cold resistance 1, dopey 1, electricity resistance,
gelatinous body 1
a: Curse Item, Scrying, Renounce Religion


You were on level 9 of the Dungeon.
You worshipped Ashenzari.
Ashenzari was pleased with you.
You were not hungry.

You visited 2 branches of the dungeon, and saw 10 of its levels.
You also visited: Bailey.

You collected 504 gold pieces.

Inventory:

Hand Weapons
 e - a +0 dagger
 m - a cursed +3 dagger of venom (weapon)
 n - a +0 whip of freezing
 p - a +0 whip of venom
 t - a +0 antimagic spear
Armour
 F - a cursed +0 large shield (worn)
Jewellery
 i - an uncursed amulet of faith
 o - a ring of protection from fire (left tentacle)
 q - an uncursed amulet of magic regeneration
 v - an uncursed ring of protection from cold
 A - a +2 ring of intelligence (right tentacle)
 I - an uncursed ring of fire
 K - the amulet "Hirhyif" (around mantle) {rN++ Regen+ Dex+5 Slay+2}
   (You found it on level 6 of the Dungeon)

   [amulet of regeneration]

   It affects your dexterity (+5).
   It affects your accuracy and damage with ranged weapons and melee attacks
   (+2).
   It greatly protects you from negative energy.
   It increases your rate of regeneration.
 M - a ring of see invisible (on tentacle)
Wands
 s - a wand of paralysis (8/24)
 N - a wand of iceblast (2/15)
 Q - a wand of confusion (25/48)
Scrolls
 f - 2 scrolls of blinking
 y - a scroll of amnesia
 C - 4 scrolls of teleportation
 E - 2 scrolls of fog
 G - 4 scrolls of remove curse
 H - 2 scrolls of enchant weapon
 L - 2 scrolls of identify
 R - a scroll of enchant armour
Potions
 c - 8 potions of heal wounds
 d - 2 potions of cure mutation
 k - a potion of ambrosia
 l - 6 potions of curing
 r - a potion of mutation
 w - 5 potions of magic
 z - 4 potions of brilliance
 B - 5 potions of might
 D - a potion of agility
 P - a potion of haste
Books
 a - a book of Conjurations

   Spells                             Type                      Level
   a - Magic Dart                     Conjuration                  1
   b - Searing Ray                    Conjuration                  2
   c - Dazzling Spray                 Conjuration/Hexes            3
   d - Fulminant Prism                Conjuration/Hexes            4
   e - Iskenderun's Mystic Blast      Conjuration                  4
   f - Iskenderun's Battlesphere      Conjuration/Charms           5
 x - a book of Air

   Spells                             Type                      Level
   a - Shock                          Conjuration/Air              1
   b - Swiftness                      Charms/Air                   2
   c - Repel Missiles                 Charms/Air                   2
   d - Static Discharge               Conjuration/Air              3
   e - Lightning Bolt                 Conjuration/Air              5
 J - a book of Necromancy

   Spells                             Type                      Level
   a - Pain                           Necromancy                   1
   b - Animate Skeleton               Necromancy                   1
   c - Vampiric Draining              Necromancy                   3
   d - Regeneration                   Charms/Necromancy            3
   e - Animate Dead                   Necromancy                   4
   f - Control Undead                 Necromancy                   4
Comestibles
 b - 10 bread rations
 g - 4 chunks of flesh
 h - 4 royal jellies
 j - 9 fruits
 u - a meat ration


   Skills:
 - Level 1.8 Fighting
 - Level 3.2(5.2) Short Blades
 - Level 3.4 Dodging
 - Level 7.4 Stealth
 + Level 6.4(7.9) Shields
 - Level 6.0 Spellcasting
 - Level 6.4 Conjurations
 - Level 7.1 Charms
 - Level 3.0 Necromancy


You had 7 spell levels left.
You knew the following spells:

 Your Spells              Type           Power        Failure   Level  Hunger
a - Magic Dart            Conj           ####         10%         1    None
b - Dazzling Spray        Conj/Hex       ###...       80%         3    ##.....
i - Iskenderun's Battles  Conj/Chrm      ####....     99%         5    #####..
r - Repel Missiles        Chrm/Air       ###...       34%         2    None
s - Swiftness             Chrm/Air       ###.....     34%         2    None
S - Animate Skeleton      Necr           N/A          28%         1    None


Dungeon Overview and Level Annotations

Branches:
Dungeon (9/15)             Temple (1/1) D:4
   Lair: D:8-11         Orc: D:9-12

Altars:
Ashenzari
Cheibriados
Dithmenos
Elyvilon
Fedhas
Gozag
Hepliaklqana
Makhleb
Nemelex Xobeh
Okawaru
Qazlal
Ru
Trog
Uskayaw
Vehumet
Xom
Yredelemnul
Zin
The Shining One

Shops:
D:7 [   D:8 *   D:9 :

Annotations:
D:3 1 runed door
D:4 Klosterheim's ghost, amateur DrWr
D:9 exclusions: orc priest and orc warrior


Innate Abilities, Weirdness & Mutations

You cannot wear most types of armour.
You are very stealthy in the water. (Stealth+)
You are amphibious.
You can wear up to eight rings at the same time.
You can use your tentacles to constrict eight enemies at once.
Your skin changes colour to match your surroundings (Stealth+).
Your rubbery body absorbs attacks. (AC +1, EV +1)
One of your tentacles bears a spike.
Your flesh is cold resistant. (rC+)
You are dopey. (Int -2)
You are resistant to electric shocks. (rElec)


Message History

Aiming: Magic Dart
Press: ? - help, Shift-Dir - straight line, f/p - two-headed ogre
Aim: a two-headed ogre, wielding a giant club and a dire flail (moderately wounded, poisoned)
The magic dart hits the two-headed ogre.
The two-headed ogre is moderately wounded.
The two-headed ogre looks more healthy.
Your orc warrior skeleton hits the two-headed ogre but does no damage.
You are too injured to fight recklessly!
You barely miss the two-headed ogre.
You pierce the two-headed ogre, but do no damage.
The two-headed ogre is moderately wounded.
You block the two-headed ogre's attack.
The two-headed ogre hits you with a dire flail!
* * * LOW HITPOINT WARNING * * *
You hit the two-headed ogre but do no damage.
The two-headed ogre is poisoned.
You pierce the two-headed ogre.
The two-headed ogre is moderately wounded.
Your orc warrior skeleton barely misses the two-headed ogre.
The two-headed ogre hits you with a giant club!!
You die...

#...... ## #...... ..
#†..... #.## #...... .##.
#..# #...... .... #..#
#...... ...≈. #..#
######)..... ...≈.
#..#####.#.....##+## ≈≈≈≈..
#..@.....#.....#....
≈≈≈≈..##ZO##....#..∩..#....
≈≈≈≈...#..##Z...#.....#....
.....⌠...###....#.....#....
.......### #....#.....#....
......# #....#.....#....
...... #....#{Z...+....
..### #######'#ZZ...#..## #
#..##.......###..##


You could see a two-headed ogre and a friendly orc warrior skeleton.

Vanquished Creatures
  A two-headed ogre (D:6)
  A troll (D:6)
  A hippogriff (D:7)
  A spriggan (D:8)
  A wyvern (D:8)
  3 sky beasts
  An ice beast (D:8)
  A black bear (D:8)
  3 ogres
  An orc warrior (Bailey)
  2 centaurs
  7 bullfrogs
  2 scorpions
  3 killer bees (D:7)
  6 howler monkeys
  A crimson imp (D:5)
  2 centaur zombies
  A quasit (D:8)
  7 hounds
  5 orc wizards
  3 worker ants
  2 hound zombies
  A hound skeleton (D:7)
  A howler monkey zombie (D:7)
  15 gnolls
  6 adders
  A shadow imp (D:7)
  9 oozes
  An adder skeleton (D:4)
  2 worms
  2 dart slugs
  2 leopard geckos
  25 orcs
  2 ball pythons
  9 bats
  6 giant cockroaches
  4 goblins
  22 hobgoblins
  10 jackals
  2 quokkas
  5 frilled lizards
  A giant cockroach zombie (D:5)
  17 kobolds
  A leopard gecko skeleton (D:4)
  A leopard gecko zombie (D:6)
  A quokka skeleton (D:4)
  8 rats
209 creatures vanquished.

Vanquished Creatures (collateral kills)
  An orc warrior (D:9)
  An ogre (D:7)
  A bullfrog (D:6)
  A crimson imp (D:6)
  A quasit (D:8)
  A hound (D:6)
  An orc priest (D:9)
  An orc wizard (D:9)
  6 gnolls
  An adder skeleton (D:7)
  A leopard gecko (D:6)
  An orc (D:9)
  A kobold (Bailey)
18 creatures vanquished.

Grand Total: 227 creatures vanquished

Notes
Turn   | Place    | Note
-------+----------+-------------------------------------------
     0 | D:1      | nubinia the Octopode Conjurer began the quest for the Orb.
     0 | D:1      | Reached XP level 1. HP: 11/11 MP: 3/3
     1 | D:1      | Found a runed door.
   347 | D:1      | Reached XP level 2. HP: 17/17 MP: 1/5
  1114 | D:2      | Reached XP level 3. HP: 17/21 MP: 6/6
  1231 | D:2      | Found a snail-covered altar of Cheibriados.
  1751 | D:1      | Reached XP level 4. HP: 27/27 MP: 3/7
  1817 | D:1      | Learned a level 3 spell: Dazzling Spray
  2698 | D:2      | Found a blossoming altar of Fedhas.
  2774 | D:2      | Found a shimmering altar of Xom.
  3033 | D:2      | Reached skill level 1 in Short Blades
  3398 | D:3      | Reached XP level 5. HP: 32/32 MP: 9/9
  3654 | D:3      | Reached skill level 5 in Conjurations
  4103 | D:3      | Found a sacrificial altar of Ru.
  4166 | D:3      | Found a runed door.
  4427 | D:3      | Learned a level 5 spell: Iskenderun's Battlesphere
  4488 | D:4      | Noticed Klosterheim's ghost (amateur DrWr)
  4562 | D:4      | Noticed an ogre
  4647 | D:4      | Reached skill level 1 in Charms
  4703 | D:4      | Found a staircase to the Ecumenical Temple.
  4733 | D:4      | Killed an ogre
  4733 | D:4      | Reached XP level 6. HP: 37/37 MP: 10/10
  4753 | Temple   | Entered the Ecumenical Temple
  4948 | Temple   | Became a worshipper of Ashenzari the Shackled
  5098 | D:4      | Found a white marble altar of Elyvilon.
  5388 | D:4      | Reached XP level 7. HP: 42/42 MP: 5/11
  5527 | D:5      | Entered Level 5 of the Dungeon
  5611 | D:5      | Found a shattered altar of Ashenzari.
  6135 | D:5      | Learned a level 2 spell: Swiftness
  6138 | D:5      | Learned a level 2 spell: Repel Missiles
  6196 | D:6      | Found a blossoming altar of Fedhas.
  6239 | D:6      | Identified the amulet "Hirhyif" {rN++ Regen+ Dex+5 Slay+2}
  6256 | D:6      | Reached skill level 5 in Charms
  6256 | D:6      | Reached XP level 8. HP: 41/47 MP: 10/14
  6260 | D:6      | Learned a level 1 spell: Animate Skeleton
  6349 | D:6      | Found an iron altar of Okawaru.
  6366 | D:6      | Reached skill level 5 in Stealth
  6380 | D:6      | Reached skill level 1 in Fighting
  6390 | D:6      | Noticed a troll
  6428 | D:6      | Killed a troll
  6741 | D:6      | Noticed a two-headed ogre
  6755 | D:6      | Killed a two-headed ogre
  6755 | D:6      | Reached skill level 5 in Spellcasting
  6755 | D:6      | Reached XP level 9. HP: 51/53 MP: 5/17
  6879 | D:7      | Found Epicleoh's Armour Emporium.
  6961 | D:7      | Reached * piety under Ashenzari
  7598 | D:8      | Reached skill level 1 in Shields
  7820 | D:8      | Reached XP level 10. HP: 60/60 MP: 19/19
  7895 | D:8      | Found Umonih's Demolitions Depot.
  8052 | D:8      | Reached skill level 5 in Shields
  8258 | D:9      | Found a flagged portal.
  8263 | D:9      | Gained mutation: Your flesh is cold resistant. (rC+) [potion of mutation]
  8263 | D:9      | Gained mutation: You are resistant to electric shocks. (rElec) [potion of mutation]
  8263 | D:9      | Gained mutation: You are dopey. (Int -2) [potion of mutation]
  8264 | D:9      | Gained mutation: One of your tentacles bears a spike. [potion of beneficial mutation]
  8268 | D:9      | Found a sparkling altar of Nemelex Xobeh.
  8275 | Bailey   | Entered a bailey
  8992 | D:9      | Reached ** piety under Ashenzari
  9055 | D:9      | Found Piec's Book Emporium.
  9097 | D:9      | Noticed a two-headed ogre
  9114 | D:9      | Mangled by a two-headed ogre

Vault maps used:
D:1:      dpeg_arrival_caged_fury
D:2:      kennysheep_slug_shrine, xom_teletrap_fun, lemuel_doored_altar,
          first_bread
D:3:      nicolae_ru_sacrificial_ziggurat, serial_glass, glass_columns_b,
          glass_columns_a, glass_columns_c, glass_columns_b, glass_columns_b,
          glass_columns_b, glass_columns_a, glass_columns_b, feat_on_display,
          feat_on_display, uniq_crazy_yiuf_cottage
D:4:      elyvilon_altar_5
D:5:      ashenzari_altar_1
D:6:      basic_altar, minmay_misc_feat_diagonals, st_stairs_11, fedhas_altar_3
D:7:      serial_shops, shop
D:8:      the_bakery, nicolae_blasting_shop
D:9:      cheibrodos_helix_gallery, kennysheep_little_box,
          kiku_gazebo_pond_becter, nemelex_xobeh_ov_fountains_minmay,
          enter_bailey_2, serial_shops, shop, minivault_26,
          hangedman_abyss_or_decor_stabs, due_unseen_surprise
Temple:   nicolae_temple_figure_eight
Bailey:   bailey_axe_2, bailey

Skill      XL: |  1  2  3  4  5  6  7  8  9 10 |
---------------+-------------------------------+-----
Stealth        | 3 4 6 7 |  7.4
Short Blades   | 1 2 3 |  3.2
Conjurations   | 5 6 |  6.4
Spellcasting   | 3 4 5 6 |  6.0
Charms         | 2 4 5 6 7 |  7.1
Fighting       | 1 |  1.8
Dodging        | 3 |  3.4
Necromancy     | 2 3 |  3.0
Shields        | 3 6 |  6.4

Action                   |  1- 3 |  4- 6 |  7- 9 | 10-12 || total
-------------------------+-------+-------+-------+-------++-------
Melee: Unarmed           |     7 |       |       |       ||     7
       Dagger            |    18 |    68 |   113 |   101 ||   300
       Constrict         |     3 |    16 |    26 |    27 ||    72
       Tentacles         |     4 |    15 |    23 |    19 ||    61
       Whip              |       |     2 |       |       ||     2
       Kick              |       |       |       |    18 ||    18
 Cast: Magic Dart        |    55 |   152 |    91 |    18 ||   316
       Repel Missiles    |       |       |     1 |       ||     1
       Animate Skeleton  |       |       |    19 |    24 ||    43
       Dazzling Spray    |       |       |     4 |       ||     4
       Iskenderun's Batt |       |       |     2 |       ||     2
Invok: Curse Item        |       |       |     1 |       ||     1
Evoke: Wand              |       |       |       |     1 ||     1
  Use: Scroll            |     3 |     7 |     9 |     3 ||    22
       Potion            |       |     2 |     1 |     5 ||     8
 Stab: Sleeping          |     1 |     6 |    14 |     8 ||    29
       Distracted        |       |       |     3 |       ||     3
       Invisible         |       |       |       |     1 ||     1
  Eat: Chunk             |     3 |    11 |     9 |     5 ||    28
Armor: Skin              |     2 |     1 |     4 |     2 ||     9
Dodge: Dodged            |    13 |    33 |    54 |    50 ||   150
       Deflected         |       |       |       |     1 ||     1
Block: Large shield      |       |       |     4 |    96 ||   100
